 Dungeon Crawl Stone Soup version 0.30-a0-972-gf3ab3527aa (webtiles) character file.

Game seed: 16857474104189668291

115919 jasper the Fighter (level 16, -4/220 HPs)
             Began as a Demonspawn Cinder Acolyte on Mar 31, 2023.
             Was a Follower of Yredelemnul.
             Engulfed by Bai Suzhen's thunder (7 damage)
             ... on level 2 of the Spider Nest.
             The game lasted 00:50:35 (22365 turns).

jasper the Fighter (Demonspawn Cinder Acolyte)     Turns: 22365, Time: 00:50:35

Health: -4/220     AC: 32    Str: 35    XL:     16   Next: 19%
Magic:  23/23      EV:  9    Int: 16    God:    Yredelemnul [*.....]
Gold:   1417       SH: 11    Dex:  9    Spells: 17/17 levels left

rFire   . . .      SeeInvis +    P - +3 whip (flame)
rCold   . . .      Faith    .    S - +0 kite shield
rNeg    + . .      Spirit   .    q - +6 scale mail of Larr {rN+ Regen+}
rPois   +          Reflect  .    o - +1 helmet {SInv}
rElec   .          Rampage  .    E - +1 cloak
rCorr   .                        k - +0 pair of gloves
Will    +....                    g - +1 pair of boots Stlth
                                 W - amulet "Nulo Joe" {rPois Regen+ Str+7}
HPRegen 2.16/turn                v - +4 ring of slaying
MPRegen 0.18/turn                f - ring "Linucvei" {rF+ AC+4 Str+6}

@: berserking, fire susceptible, very quick
A: claws 2, molten scales 2, foul stench 2, robust 1, spiny 3, high MP 1, wild
magic 1
a: Renounce Religion, Recall Undead Harvest


You were on level 2 of the Spider Nest.
You worshipped Yredelemnul.
Yredelemnul was noncommittal.
You visited 5 branches of the dungeon, and saw 26 of its levels.
You also visited: Sewer, Ossuary and Ice Cave.

You collected 3238 gold pieces.
You spent 1821 gold pieces at shops.

Inventory:

Hand Weapons
 P - a +3 whip of flaming (weapon)
Missiles
 r - 10 javelins (quivered)
 M - 3 throwing nets
Armour
 g - a +1 pair of boots (worn)
 k - a +0 pair of gloves (worn)
 o - a +1 helmet of see invisible (worn)
 q - the +6 scale mail of Larr (worn) {rN+ Regen+}
   (You found it on level 3 of the Dungeon)

   rN:        It protects you from negative energy.
   Regen:     It increases your rate of health regeneration.
 E - a +1 cloak (worn)
 H - a scarf of repulsion
 S - a +0 kite shield (worn)
Jewellery
 f - the ring "Linucvei" (right hand) {rF+ AC+4 Str+6}
   (You bought it in a shop on level 7 of the Dungeon)

   [ring of protection]

   AC:        It affects your AC (+4).
   Str:       It affects your strength (+6).
   rF:        It protects you from fire.
 v - a +4 ring of slaying (left hand)
 O - a ring of resist corrosion
 V - a ring of protection from cold
 W - the amulet "Nulo Joe" (around neck) {rPois Regen+ Str+7}
   (You bought it in a shop on level 2 of the Orcish Mines)

   [amulet of regeneration]

   Str:       It affects your strength (+7).
   rPois:     It protects you from poison.
   Regen:     It increases your rate of health regeneration.
 Y - a ring of willpower
Wands
 c - a wand of polymorph (8)
 j - a wand of iceblast (2)
 m - a wand of digging (17)
 C - a wand of quicksilver (9)
 R - a wand of mindburst (5)
 Z - a wand of flame (3)
Scrolls
 a - a scroll of silence
 e - 2 scrolls of immolation
 h - 5 scrolls of blinking
 l - 4 scrolls of brand weapon
 u - 15 scrolls of teleportation
 x - 6 scrolls of magic mapping
 y - 4 scrolls of butterflies
 z - 2 scrolls of enchant weapon
 A - 12 scrolls of identify
 B - 5 scrolls of fog
 D - 3 scrolls of enchant armour
 I - 8 scrolls of fear
 K - 5 scrolls of poison
 L - 2 scrolls of vulnerability
Potions
 b - 2 potions of cancellation
 d - 14 potions of curing
 i - 7 potions of resistance
 n - 7 potions of flight
 p - 2 potions of ambrosia
 s - 3 potions of invisibility
 t - 6 potions of haste
 w - 3 potions of mutation
 J - a potion of might
 Q - 3 potions of lignification
 U - a potion of magic
Miscellaneous
 F - a lightning rod (4/4)
 T - a tin of tremorstones (2/2)
 X - a condenser vane (inert)


   Skills:
 + Level 14.9 Fighting
 - Level 12.0 Maces & Flails
 + Level 13.4 Armour
 + Level 11.3 Shields
 - Level 1.0 Spellcasting
 - Level 2.6 Fire Magic
 + Level 6.5 Invocations
 + Level 12.0 Evocations


You had 17 spell levels left.
You didn't know any spells.
Your spell library contained the following spells:

 Spells                   Type           Power      Damage    Failure   Level
 Scorch                   Fire           24%        2d6       45%         2
 Foxfire                  Conj/Fire      24%        2x1d3     50%         1
 Freeze                   Ice            4%         1d3       67%         1
 Sandblast                Erth           2%         2d4       67%         1
 Shock                    Conj/Air       4%         1d3       67%         1
 Blink                    Tloc           2%         N/A       82%         2
 Passwall                 Tmut/Erth      0%         N/A       82%         2
 Frozen Ramparts          Ice            2%         1d1       95%         3
 Hailstorm                Conj/Ice       1%         3d3       95%         3
 Portal Projectile        Hex/Tloc       2%         N/A       95%         3
 Stone Arrow              Conj/Erth      2%         3d7       95%         3
 Summon Guardian Golem    Hex/Summ       1%         N/A       95%         3
 Swiftness                Air            1%         N/A       95%         3
 Tukima's Dance           Hex            1%         N/A       95%         3
 Vhi's Electric Charge    Tloc/Air       2%         N/A       95%         3
 Airstrike                Air            0%         2d(1-17)  100%        4
 Leda's Liquefaction      Hex/Erth       0%         N/A       100%        4
 Manifold Assault         Tloc           1%         N/A       100%        4
 Petrify                  Tmut/Erth      1%         N/A       100%        4
 Summon Ice Beast         Ice/Summ       1%         N/A       100%        4
 Arcjolt                  Conj/Air       0%         1d10      100%        5
 Blade Hands              Tmut           0%         N/A       100%        5
 Fireball                 Conj/Fire      3%         3d4       100%        5
 Irradiate                Conj/Tmut      0%         3d11      100%        5
 Lee's Rapid Deconstruct  Erth           0%         3d4*      100%        5
 Metabolic Englaciation   Hex/Ice        0%         N/A       100%        5
 Summon Mana Viper        Hex/Summ       1%         N/A       100%        5
 Starburst                Conj/Fire      3%         6d3       100%        6
 Statue Form              Tmut/Erth      0%         N/A       100%        6
 Dragon Form              Tmut           0%         N/A       100%        7
 Monstrous Menagerie      Summ           0%         N/A       100%        7
 Orb of Destruction       Conj           0%         9d5       100%        7
 Spellforged Servitor     Conj/Summ      0%         N/A       100%        7
 Storm Form               Tmut/Air       0%         N/A       100%        7
 Maxwell's Capacitive Co  Air            0%         ∞         100%        8


Dungeon Overview and Level Annotations

Branches:
Dungeon (15/15)            Temple (1/1) D:6            Lair (5/5) D:9
  Swamp (0/4) Lair:2       Spider (3/4) Lair:3        Slime (0/5) Lair:4
    Orc (2/2) D:9             Elf (0/3) Orc:2        Vaults (0/5) D:13
 Depths (0/4) D:15          Sewer (visited)         Ossuary (visited)
  IceCv (visited)

Altars:
Ashenzari
Cheibriados
Dithmenos
Fedhas
Gozag
Hepliaklqana
Kikubaaqudgha
Makhleb
Nemelex Xobeh
Okawaru
Qazlal
Ru
Sif Muna
Trog
Uskayaw
Vehumet
Wu Jian
Xom
Yredelemnul

Shops:
D:6 ?   D:7 [=   Orc:2 :(=*

Annotations:
D:3 1 runed translucent door, sasquatch's ghost, amateur TeAE
Lair:4 exclusion: 2 oklob plants
Spider:2 Bai Suzhen


Innate Abilities, Weirdness & Mutations

You have very sharp fingernails.
You are mostly covered in molten scales. (AC +3)
You sometimes emit foul miasma when damaged in melee.
You are robust. (+10% HP)
You are completely covered in sharp spines.
You have an increased reservoir of magic. (+10% MP)
Your spells are a little harder to cast, but a little more powerful.


Message History

Your bound orb spider conjures an orb of pure magic.
The wavering orb of destruction weakly hits Bai Suzhen!
Bai Suzhen roars in fury and transforms into a fierce dragon!
You regained 17 hp, and now have 50/147 hp.
You catch the helpless Bai Suzhen completely off-guard!
You hit Bai Suzhen but do no damage.
Bai Suzhen is heavily wounded.
You are engulfed in a thunderstorm.
* * * LOW HITPOINT WARNING * * *
The four-headed hydra closely misses you.
You block the four-headed hydra's attack.
The four-headed hydra bites you but does no damage. x2
You take 14 damage, and have 36/147 hp.
A red film seems to cover your vision as you go berserk!
You feel yourself moving faster!
You feel mighty! Bai Suzhen breathes water at you.
The torrent of water hits you!!
* * * LOW HITPOINT WARNING * * *
The wave splashes down.
Your bound orb spider conjures an orb of pure magic.
The wavering orb of destruction weakly hits Bai Suzhen!!
You block the four-headed hydra's attack.
The four-headed hydra completely misses you.
The four-headed hydra bites you!
* * * LOW HITPOINT WARNING * * *
The four-headed hydra barely misses you.
You now have 17/220 hp.
You catch the helpless Bai Suzhen completely off-guard!
You hit Bai Suzhen. You burn Bai Suzhen.
Bai Suzhen is severely wounded.
Bai Suzhen bites you!
* * * LOW HITPOINT WARNING * * *
Bai Suzhen claws you but does no damage.
Bai Suzhen tramples you but does no damage.
You take 14 damage, and have 3/220 hp.
You hit Bai Suzhen but do no damage.
Bai Suzhen is severely wounded.
You are engulfed in a thunderstorm.
You die...
Your body rises from the dead as a mindless zombie.

#..##....#..#..####..
#...##(..>..##..#.#..
###....##....####....
#......##.##...#...#.
#..##...#####..##^###
#..#..#..#......###.#
#..#..#.##...=#..#...
#.#######.<####..#...
###~@D.######.##...#.
####DZ####.#...#..###
#..##..#.#.....#...##
#.....##....#Z.#Z.##^
###.Z..#..#.#Z.#Z..##
#.Z.......###....####
#..####^.####.....#
#..Z.###..#.#...###
#.#Z.#^####[..#...###


You could see Bai Suzhen (clouds, catching breath, ally target), a four-headed
hydra (summoned) and a friendly bound orb spider.

Vanquished Creatures
  Frances (D:12)
  An emperor scorpion (Spider:2)
  A ghost moth (D:11)
  A broodmother (Spider:1)
  A reaper (IceCv)
  A stone giant (D:15)
  A spark wasp (Spider:2)
  Fannar (D:12)
  4 hydras
  4 radroaches
  3 centaur warriors
  A death knight (D:15)
  6 death yaks (Lair:5)
  5 tengu warriors
  4 two-headed ogres
  5 boulder beetles
  4 orc high priests
  Nergalle (Lair:3)
  A skyshark (Lair:3)
  4 pharaoh ants
  A flayed ghost (D:15)
  An orb spider (Spider:2)
  A bog body (Lair:2)
  2 steelbarb worms
  A wizard (D:13)
  4 deep elf pyromancers
  2 phantasmal warriors (D:15)
  A lindwurm (Lair:4)
  9 orc knights
  6 orc sorcerers
  4 cyclopes
  6 wolf spiders
  8 ugly things
  Joseph (D:9)
  4 manticores
  2 ice statues (IceCv)
  5 slime creatures
  2 demonic crawlers (Spider:2)
  A gargoyle (D:11)
  6 cane toads
  A torpor snail (Spider:1)
  A rime drake (Lair:1)
  A black mamba (Lair:1)
  An unseen horror (shapeshifter) (D:8)
  An unseen horror (D:12)
  8 komodo dragons
  2 kobold demonologists (D:13)
  An anaconda simulacrum (IceCv)
  An efreet (D:14)
  5 ice devils (IceCv)
  15 trolls
  7 polar bears
  Grinder (D:4)
  4 hornets (Lair:5)
  2 dream sheep (Lair:5)
  10 blink frogs
  11 tarantellas
  10 jumping spiders
  A centaur simulacrum (D:15)
  7 culicivoras
  3 shadows
  A water elemental (D:15)
  11 spriggans (Lair:5)
  A human (shapeshifter) (D:15)
  A vampire (D:11)
  39 yaks
  4 dire elephant simulacra (IceCv)
  A fire elemental (Spider:2)
  2 wraiths
  7 basilisks
  4 wyverns
  19 redbacks
  13 vampire mosquitoes (D:13)
  A death yak simulacrum (IceCv)
  2 wargs
  A tengu zombie (D:13)
  An acid dragon (D:12)
  13 water moccasins
  An ice beast (D:7)
  25 orc warriors
  A sky beast (D:6)
  A black bear (shapeshifter) (D:14)
  6 black bears
  8 ogres
  36 wolves
  4 boggarts (Lair:5)
  5 centaurs
  2 phantoms
  2 elf zombies (Ossuary)
  A kobold brigand (D:8)
  10 bullfrogs
  A two-headed ogre simulacrum (IceCv)
  2 cane toad simulacra (IceCv)
  A gnoll sergeant (D:7)
  3 scorpions (D:5)
  5 wights (D:8)
  21 killer bees
  A howler monkey (D:10)
  7 electric eels
  2 centaur zombies (Ossuary)
  10 hounds
  2 jellies
  17 orc priests
  2 sleepcaps
  A gnoll bouda (D:10)
  2 human zombies (Ossuary)
  2 iguanas
  19 orc wizards
  A boggart simulacrum (D:15)
  2 mummies (Ossuary)
  8 gnolls
  13 adders
  4 river rats (Sewer)
  A shadow imp (D:5)
  A white imp (D:8)
  4 ufetubi
  2 worms
  A dart slug (D:2)
  62 orcs
  19 ball pythons
  5 endoplasms
  5 giant cockroaches
  5 goblins
  8 hobgoblins
  8 jackals
  2 quokkas
  10 bats
  3 frilled lizards
  2 goblin zombies (Ossuary)
  10 hobgoblin zombies (Ossuary)
  2 jackal zombies (Ossuary)
  10 kobolds
  7 kobold zombies (Ossuary)
  7 orc zombies (Ossuary)
  32 rats
  3 rat zombies (Ossuary)
  A bush (D:9)
  A butterfly (Lair:1)
770 creatures vanquished.

Vanquished Creatures (collateral kills)
  2 broodmothers
  An entropy weaver (Spider:1)
  A jorogumo (Spider:2)
  2 orb spiders
  6 steelbarb worms
  4 wolf spiders (Spider:1)
  3 demonic crawlers
  4 tarantellas
  9 jumping spiders
  3 culicivoras (Spider:2)
  4 fire elementals
  9 redbacks
48 creatures vanquished.

Vanquished Creatures (others)
  A wolf spider zombie (Spider:1)
  A broodmother zombie (Spider:1)
  2 redback zombies
  2 demonic crawler zombies (Spider:2)
  3 jumping spider zombies (Spider:2)
  2 tarantella zombies (Spider:1)
  20 fungi
  41 plants
72 creatures vanquished.

Grand Total: 890 creatures vanquished

Notes
Turn   | Place    | Note
-------+----------+-------------------------------------------
     0 | D:1      | jasper the Demonspawn Cinder Acolyte began the quest for
                  | the Orb.
     0 | D:1      | Reached XP level 1. HP: 18/18 MP: 2/2
    44 | D:1      | Gained mutation: You are partially covered in sharp spines.
                  | [demonic ancestry]
    44 | D:1      | Reached XP level 2. HP: 18/24 MP: 3/3
   429 | D:1      | Gained mutation: You are mostly covered in sharp spines.
                  | [demonic ancestry]
   429 | D:1      | Reached XP level 3. HP: 29/29 MP: 4/4
  1409 | D:2      | Gained mutation: You may rarely emit foul miasma when
                  | damaged in melee. [demonic ancestry]
  1409 | D:2      | Reached XP level 4. HP: 35/35 MP: 5/5
  1854 | D:3      | Found a blossoming altar of Fedhas.
  1864 | D:3      | Found a runed translucent door.
  1864 | D:3      | Noticed sasquatch's ghost (amateur TeAE)
  1976 | D:3      | Identified the +6 scale mail of Larr {rN+ Regen+}
  2153 | D:3      | Found an opulent altar of Gozag.
  2183 | D:3      | Found a stormy altar of Qazlal.
  2258 | D:4      | Noticed Grinder
  2311 | D:4      | Reached skill level 5 in Maces & Flails
  2316 | D:4      | Paralysed by Grinder for 3 turns
  2322 | D:4      | Paralysed by Grinder for 3 turns
  2326 | D:4      | Paralysed by Grinder for 4 turns
  2333 | D:4      | Killed Grinder
  2334 | D:4      | Reached skill level 1 in Armour
  2334 | D:4      | Gained mutation: You are completely covered in sharp
                  | spines. [demonic ancestry]
  2334 | D:4      | Reached XP level 5. HP: 38/41 MP: 6/6
  2334 | D:4      | Gained mutation: You have sharp fingernails. [demonic
                  | ancestry]
  2334 | D:4      | Reached XP level 6. HP: 43/47 MP: 7/7
  2342 | D:4      | Found a sacrificial altar of Ru.
  2411 | D:4      | Found a glowing drain.
  2422 | Sewer    | Entered a sewer
  2582 | Sewer    | Reached skill level 4 in Fighting
  2616 | Sewer    | Gained mutation: You are partially covered in molten
                  | scales. (AC +2) [demonic ancestry]
  2616 | Sewer    | Reached XP level 7. HP: 54/54 MP: 8/8
  2853 | D:4      | Found a shimmering altar of Xom.
  3063 | D:5      | Entered Level 5 of the Dungeon
  3063 | D:5      | Noticed a wraith
  3076 | D:4      | Killed a wraith
  3083 | D:5      | Reached skill level 5 in Fighting
  3083 | D:5      | Gained mutation: You sometimes emit foul miasma when
                  | damaged in melee. [demonic ancestry]
  3083 | D:5      | Reached XP level 8. HP: 62/62 MP: 9/9
  3791 | D:6      | Found a staircase to the Ecumenical Temple.
  3896 | D:6      | Reached skill level 6 in Fighting
  4013 | D:6      | Found a snail-covered altar of Cheibriados.
  4013 | D:6      | Found a burning altar of Makhleb.
  4013 | D:6      | Found a hide-covered altar of Uskayaw.
  4013 | D:6      | Found a hazy altar of Hepliaklqana.
  4020 | D:6      | Found a broken altar of Ashenzari.
  4020 | D:6      | Found a sparkling altar of Nemelex Xobeh.
  4165 | D:6      | Found Ywnutule's Magic Scroll Emporium.
  4168 | D:6      | Bought a scroll of fear for 56 gold pieces
  4168 | D:6      | Bought a scroll of blinking for 105 gold pieces
  4168 | D:6      | Bought a scroll of teleportation for 42 gold pieces
  4217 | D:6      | Found an iron altar of Okawaru.
  4237 | D:6      | Gained mutation: You have very sharp fingernails. [demonic
                  | ancestry]
  4237 | D:6      | Reached XP level 9. HP: 69/69 MP: 10/10
  4712 | D:7      | Found Aluta Pirr's Jewellery Shop.
  4745 | D:7      | Reached skill level 5 in Armour
  4749 | D:7      | HP: 1/71 [ice beast (7)]
  4849 | D:7      | Found Heij's Antique Armour Emporium.
  5267 | D:8      | Reached skill level 7 in Fighting
  5276 | D:8      | Noticed a yaktaur
  5281 | D:8      | Reached skill level 10 in Maces & Flails
  5309 | D:8      | Reached XP level 10. HP: 46/79 MP: 11/11
  5386 | D:8      | Found a sand-covered staircase.
  5400 | Ossuary  | Entered an ossuary
  5940 | D:9      | Reached skill level 8 in Fighting
  6020 | D:9      | Noticed Joseph
  6051 | D:9      | Killed Joseph
  6267 | D:9      | Noticed a two-headed ogre
  6276 | D:9      | Killed a two-headed ogre
  6351 | D:9      | Reached XP level 11. HP: 85/87 MP: 12/12
  6559 | D:9      | Reached skill level 1 in Shields
  6578 | D:9      | Reached skill level 9 in Fighting
  6684 | D:9      | Found a staircase to the Orcish Mines.
  6793 | D:9      | Found a staircase to the Lair.
  6915 | D:10     | Entered Level 10 of the Dungeon
  7186 | D:10     | Noticed a two-headed ogre
  7194 | D:10     | Killed a two-headed ogre
  7315 | D:10     | Reached skill level 1 in Evocations
  7791 | D:11     | Identified the +4 rapier of Fixation {heavy, rElec rF-
                  | Dex+2 Stlth+}
  8143 | D:11     | Noticed a boulder beetle
  8170 | D:11     | Killed a boulder beetle
  8430 | D:11     | Noticed a boulder beetle
  8431 | D:11     | a boulder beetle changed into something unseen
  8438 | D:11     | Killed a ghost moth
  8773 | Lair:1   | Entered Level 1 of the Lair of Beasts
  8899 | Lair:1   | Reached skill level 10 in Fighting
  8990 | Lair:1   | Reached XP level 12. HP: 91/97 MP: 13/13
  9268 | Lair:1   | Identified the +7 war axe of the Ass {venom, rElec Str+2}
  9622 | Lair:2   | Found a staircase to the Swamp.
  9740 | Lair:2   | Reached skill level 5 in Shields
  9984 | D:7      | Bought the ring "Linucvei" {rF+ AC+4 Str+6} for 626 gold
                  | pieces
 10205 | Lair:2   | Reached skill level 5 in Evocations
 10382 | Lair:3   | Found a hole to the Spider Nest.
 10513 | Lair:3   | Found a frozen archway.
 10525 | IceCv    | Entered an ice cave
 10543 | IceCv    | Reached skill level 11 in Fighting
 10922 | IceCv    | Noticed a reaper
 10938 | IceCv    | Killed a reaper
 11000 | IceCv    | Reached skill level 10 in Armour
 11150 | Lair:3   | Noticed Nergalle
 11183 | Lair:3   | Killed Nergalle
 11653 | Lair:4   | Reached XP level 13. HP: 34/106 MP: 14/14
 12599 | Lair:4   | Found a staircase to the Slime Pits.
 12728 | Lair:5   | Entered Level 5 of the Lair of Beasts
 12856 | Orc:1    | Entered Level 1 of the Orcish Mines
 12914 | D:9      | Reached skill level 12 in Fighting
 13227 | Orc:2    | Entered Level 2 of the Orcish Mines
 13381 | Orc:2    | Found a staircase to the Elven Halls.
 13509 | Orc:2    | Paralysed by an orc sorcerer for 3 turns
 13661 | Orc:2    | Found Siejosu's Weapon Shoppe.
 13661 | Orc:2    | Found Xabropuopp's Book Shop.
 13663 | Orc:2    | Found Yrakh's General Store.
 13663 | Orc:2    | Found Heibytoo's Jewellery Shop.
 13679 | Orc:2    | Bought 2 potions of curing for 84 gold pieces
 13679 | Orc:2    | Bought a potion of haste for 140 gold pieces
 13679 | Orc:2    | Bought a scroll of teleportation for 42 gold pieces
 14740 | Lair:5   | Gained mutation: You are robust. (+10% HP) [demonic
                  | ancestry]
 14740 | Lair:5   | Reached XP level 14. HP: 109/127 MP: 15/15
 14877 | Lair:5   | Reached skill level 13 in Fighting
 16098 | Orc:2    | Bought the amulet "Nulo Joe" {rPois Regen+ Str+7} for 726
                  | gold pieces
 16223 | D:12     | Noticed Frances
 16247 | D:12     | Killed Frances
 16435 | D:12     | Noticed Fannar
 16458 | D:12     | Killed Fannar
 16984 | D:13     | Reached skill level 10 in Evocations
 17369 | D:13     | You fall into a shaft and drop 2 floors!
 17369 | D:15     | Entered Level 15 of the Dungeon
 17378 | D:15     | Found a shadowy altar of Dithmenos.
 17712 | D:15     | Reached skill level 10 in Shields
 17731 | D:15     | Reached XP level 15. HP: 137/137 MP: 16/16
 17826 | D:15     | Found a staircase to the Depths.
 17936 | D:15     | Reached skill level 14 in Fighting
 17979 | D:15     | Identified the +3 scale mail "Pirav" {rElec rC++ Str-2
                  | SInv}
 18244 | D:14     | Identified a scroll of acquirement
 18245 | D:14     | Acquired 817 gold pieces
 18551 | Temple   | Entered the Ecumenical Temple
 18558 | Temple   | Fell from the grace of Ignis
 18558 | Temple   | Became a worshipper of Yredelemnul the Dark
 18721 | D:13     | Reached * piety under Yredelemnul
 18734 | D:13     | Reached ** piety under Yredelemnul
 18734 | D:13     | Reached skill level 1 in Invocations
 18764 | D:13     | Found a gate to the Vaults.
 18871 | D:13     | You fall into a shaft and drop 2 floors!
 19141 | D:14     | Found an ancient bone altar of Kikubaaqudgha.
 19263 | D:14     | Reached *** piety under Yredelemnul
 19746 | Spider:1 | Entered Level 1 of the Spider Nest
 19767 | Spider:1 | Reached **** piety under Yredelemnul
 20581 | Spider:1 | Identified the +10 bardiche "Orb Guardian's Curse" {freeze,
                  | *Rage Will++ rCorr Dex+3}
 20683 | Spider:1 | Reached ***** piety under Yredelemnul
 20812 | Spider:1 | You fall into a shaft and drop 1 floor!
 20842 | Spider:1 | Gained mutation: You are weak. (Str -2) [mutagenic glow]
 20860 | Spider:1 | Gained mutation: Armour fits poorly on your strangely
                  | shaped body. [mutagenic glow]
 20909 | Spider:1 | Lost mutation: Armour fits poorly on your strangely shaped
                  | body. [potion of mutation]
 20909 | Spider:1 | Lost mutation: You are weak. (Str -2) [potion of mutation]
 20909 | Spider:1 | Gained mutation: You have an increased reservoir of magic.
                  | (+10% MP) [potion of mutation]
 20909 | Spider:1 | Gained mutation: Your spells are a little harder to cast,
                  | but a little more powerful. [potion of mutation]
 21028 | Spider:2 | Reached skill level 5 in Invocations
 21150 | Spider:2 | Gained mutation: You are mostly covered in molten scales.
                  | (AC +3) [demonic ancestry]
 21150 | Spider:2 | Reached XP level 16. HP: 88/147 MP: 17/22
 22327 | Spider:3 | Noticed Bai Suzhen
 22364 | Spider:2 | HP: 3/220 [Bai Suzhen (15)]
 22365 | Spider:2 | Engulfed by Bai Suzhen's thunder

Illustrated notes

Levels and vault maps discovered:
D:1:      nicolae_arrival_memento_mori, layout_basic
D:2:      layout_loops_ring, minmay_tromino_mix6
D:3:      layout_basic, grunt_temple_overflow_forces_of_nature,
          marbit_many_paths, hellmonk_ghost_happy_afterlife
D:4:      layout_basic, mainiacjoe_overflow_six_doors_small,
          mainiacjoe_overflow_concentric_impassable, portal_sewer_entry_b,
          uniq_grinder
D:5:      layout_loops_ring
D:6:      layout_gridville, mainiacjoe_overflow_tiny_flanked,
          minmay_overflow_temple_hex, minmay_temple_entry_arrows, serial_shops,
          nicolae_shop_behind_doors, amcnicky_mini_pool_small
D:7:      layout_cave_pods, serial_shops, nicolae_stop_n_shop_1,
          nicolae_shop_stone
D:8:      layout_cave_pools, lightli_ossuary_entry_decrepit_ruins,
          minmay_microvault
D:9:      layout_roguey, erik_lair_island, orc_0_dummy,
          kb_lookout_dungeons_type, uniq_joseph
D:10:     layout_loops_ring
D:11:     layout_roguey, serial_co_window_serial, co_window_of_opportunity_a,
          co_window_corner_a, co_window_cross_1, co_window_paths_a,
          co_window_paths_a, co_window_unsneaky_path_d, co_window_paths_c,
          co_window_corner_b, co_window_broadway_b, glass_columns_a,
          glass_columns_b
D:12:     layout_irregular_city, uniq_fannar, uniq_frances
D:13:     layout_basic, david_vaults_1
D:14:     layout_roguey, kiku_gazebo_pond_becter
D:15:     grunt_enter_depths_snipers, layout_cave_pools, serial_bayou_ford_a,
          nicolae_dithmenos_through_a_glass_darkly
Temple:   hellmonk_temple_micro_hex
Lair:1:   layout_hall_layers, lemuel_fruit_fields, grunt_megastairs_4
Lair:2:   layout_big_grid, skrybe_swamp_entry_bodies, minmay_stone_trees_small,
          minivault_19, gammafunk_lair_bear_cave, grunt_megastairs_2,
          serial_bayou_shore_a, lemuel_fruit_fields
Lair:3:   layout_hall_layers, nicolae_spider_entry_tight_spaces,
          portal_ice_cave_entry_pillars_1, uniq_nergalle
Lair:4:   layout_loops_ring, minmay_slime_entry_oklob_open
Lair:5:   minmay_lair_end_enchanted_forest, layout_regular_city,
          chequers_serial_rivers_small_3, lookout_lair_type,
          lemuel_fruit_fields, lemuel_fruit_fields
Spider:1: nicolae_spider_hilbert_zone_1 [nicolae_spider_hilbert_4_sides_1_open,
          nicolae_spider_hilbert_4_sides_1_open,
          nicolae_spider_hilbert_4_sides_1_open,
          nicolae_spider_hilbert_4_sides_1_open,
          nicolae_spider_hilbert_3_sides_1_open,
          nicolae_spider_hilbert_3_sides_1_open,
          nicolae_spider_hilbert_3_sides_1_open,
          nicolae_spider_hilbert_3_sides_1_open,
          nicolae_spider_hilbert_3_sides_1_open,
          nicolae_spider_hilbert_6_sides_1_open,
          nicolae_spider_hilbert_6_sides_1_open,
          nicolae_spider_hilbert_3_sides_1_open,
          nicolae_spider_hilbert_3_sides_1_open,
          nicolae_spider_hilbert_3_sides_1_open,
          nicolae_spider_hilbert_3_sides_1_open,
          nicolae_spider_hilbert_2_sides_1_open], nicolae_spider_webs_and_nodes
Spider:2: layout_spider_delve, nicolae_spider_bug_shape
Spider:3: layout_spider_delve, uniq_donald, uniq_bai_suzhen, uniq_jorgrun
Orc:1:    layout_caves
Orc:2:    grunt_orc_tribal_feast, layout_caves

Skill      XL: |  1  2  3  4  5  6  7  8  9 10 11 12 13 14 15 16 |
---------------+-------------------------------------------------+-----
Maces & Flails | 3 4 5 6 7 8 10 11 12 | 12.0
Armour         | 1 2 3 4 6 7 8 10 11 12 13 | 13.4
Fighting       | 4 5 6 7 8 10 11 12 13 14 | 14.9
Shields        | 4 6 8 10 11 | 11.3
Evocations     | 3 6 8 10 11 12 | 12.0
Invocations    | 5 6 |  6.5
Spellcasting   | |  1.0
Fire Magic     | |  2.6

Action                     |  1- 3 |  4- 6 |  7- 9 | 10-12 | 13-15 | 16-18 || total
---------------------------+-------+-------+-------+-------+-------+-------++-------
  Melee: Mace              |    38 |       |       |       |       |       ||    38
         Trident           |    20 |    75 |   139 |   105 |       |       ||   339
         Punch             |       |       |     4 |     2 |       |       ||     6
         Flail             |       |       |       |   535 |       |       ||   535
         Whip              |       |       |       |    73 |  1421 |   171 ||  1665
  Throw: Dart              |       |       |     2 |     2 |     5 |       ||     9
         Javelin           |       |       |       |       |     1 |       ||     1
 Invoke: Fiery Armour      |     1 |     1 |     2 |     5 |     1 |       ||    10
         Dark Bargain      |       |       |       |       |     6 |     5 ||    11
         Bind Soul         |       |       |       |       |       |     1 ||     1
  Evoke: Wand              |       |       |       |    14 |    19 |       ||    33
         Condenser vane    |       |       |       |     2 |     7 |     1 ||    10
         Tin of tremorston |       |       |       |     2 |     8 |       ||    10
         Lightning rod     |       |       |       |       |    12 |       ||    12
    Use: Scroll            |       |     9 |     9 |     8 |     6 |       ||    32
         Potion            |       |       |     2 |     3 |     4 |     2 ||    11
   Stab: Confused          |       |       |       |     2 |       |       ||     2
         Distracted        |       |       |       |       |     2 |     5 ||     7
 Armour: Robe              |    15 |       |       |       |       |       ||    15
         Chain mail        |    11 |     4 |       |       |       |       ||    15
         Scale mail        |       |    40 |   108 |   451 |   659 |   110 ||  1368
  Dodge: Dodged            |    27 |    45 |    83 |   207 |   349 |    43 ||   754
  Block: Kite shield       |       |       |       |   230 |   561 |    75 ||   866

Table legend: (Time is in decaauts)
 A = Elapsed time spent in this place.
 B = Non-inter-level travel time spent in this place.
 C = Inter-level travel time spent in this place.
 D = Time resting spent in this place.
 E = Time spent auto-exploring this place.
 F = Levels seen in this place.
 G = Mean time per level.
                   A        B        C        D        E       F      G
               +--------+--------+--------+--------+--------+-----+--------+
         Total |  21973 |  19957 |   2016 |    590 |  14031 |  29 |  757.7 |
       Dungeon |  12116 |  10937 |   1179 |    223 |   8147 |  15 |  807.7 |
        Temple |     14 |      1 |     13 |      0 |      0 |   1 |   14.0 |
          Lair |   4630 |   4138 |    492 |      2 |   3079 |   5 |  926.0 |
   Spider Nest |   2459 |   2425 |     34 |    320 |   1507 |   3 |  819.7 |
  Orcish Mines |   1612 |   1316 |    296 |      1 |    928 |   2 |  806.0 |
         Sewer |    274 |    274 |      0 |      0 |    113 |   1 |  274.0 |
       Ossuary |    304 |    304 |      0 |      0 |     61 |   1 |  304.0 |
      Ice Cave |    561 |    561 |      0 |     43 |    195 |   1 |  561.0 |
               +--------+--------+--------+--------+--------+-----+--------+

Top non-repeatable levels by time:
Spider:2: 1329 daAuts
     D:9: 1223 daAuts
   Orc:2: 1150 daAuts
  Lair:5: 1113 daAuts
  Lair:4: 1110 daAuts
Spider:1: 1109 daAuts
    D:11: 1093 daAuts
    D:10: 958 daAuts
     D:1: 905 daAuts
    D:12: 865 daAuts
  Lair:1: 841 daAuts
  Lair:3: 817 daAuts
     D:7: 798 daAuts
    D:13: 795 daAuts
    D:15: 786 daAuts
